Cogmind - Beta 15 @@@ ROGUE MODE // 2025.07.13 @ 01:34:52 Player: jumpy Result: Destroyed by Y-45 Defender with Beam Rifle Performance ------------- Evolutions (2) 1000 Regions Visited (3) 600 Robots Destroyed (63) 315 Value Destroyed (1399) 1399 Prototype IDs (7) 140 Alien Tech Used (0) 0 Bonus (0) 0 TOTAL SCORE: 3454 Bonus ------- None Cogmind --------- Core Integrity 0/550 Matter 131/300 Energy 64/100 System Corruption 9% Temperature Cool (9) Movement Treading (240) Ox1 Location -8/Materials Parts ------- > --- POWER (1) -------- (None) > --- PROPULSION (4) --- Light Treads > --- UTILITY (4) ------ Large Storage Unit > --- WEAPON (2) ------- Advanced Beam Cannon Advanced Beam Cannon > --- INVENTORY (15) --- Cooled Ion Engine Hover Unit Improved Signal Interpreter Seismic Detector Plasma Cutter Peak State ------------ > --- POWER ------------ Light Nuclear Core > --- PROPULSION ------- Light Treads Light Treads Light Treads Light Treads > --- UTILITY ---------- Large Storage Unit Improved Sensor Array Improved Signal Interpreter Improved Terrain Scanner > --- WEAPON ----------- Flak Cannon Axe > --- INVENTORY -------- Cooled Ion Engine Cooled Ion Engine Light Treads Improved Treads Armored Treads Hover Unit Improved Signal Interpreter Seismic Detector Advanced Beam Cannon Advanced Beam Cannon Grenade Launcher Plasma Cutter Axe Axe [Rating: 26] Favorites ----------- Power Ion Engine Engine Ion Engine Power Core Light Nuclear Core Propulsion Light Treads Treads Light Treads Utility Large Storage Unit Device Seismic Detector Storage Large Storage Unit Processor Improved Signal Interpreter Weapon Small Laser Energy Gun Small Laser Energy Cannon Advanced Beam Cannon Ballistic Cannon Flak Cannon Launcher Grenade Launcher Slashing Weapon Axe Build | -11 -10 -9 -8 ------- Run | Yrd Mat Mat Mat Slots Evolved 4 | . . 2 2 Power . | . . . . Propulsion 2 | . . 1 1 Utility 2 | . . 1 1 Weapon . | . . . . Parts Attached 34 | 8 1 5 20 Power 7 | 2 . 2 3 Engine 6 | 2 . 2 2 Core 1 | . . . 1 Reactor . | . . . . Propulsion 11 | 2 . 1 8 Treads 11 | 2 . 1 8 Leg . | . . . . Wheel . | . . . . Hover . | . . . . Flight . | . . . . Utility 6 | 2 1 . 3 Device 3 | 1 . . 2 Storage 2 | 1 1 . . Processor 1 | . . . 1 Hackware . | . . . . Protection . | . . . . Artifact . | . . . . Weapon 10 | 2 . 2 6 Energy Gun 2 | 2 . . . Energy Cannon 3 | . . 1 2 Ballistic Gun . | . . . . Ballistic Cannon 1 | . . . 1 Launcher 1 | . . . 1 Special Weapon . | . . . . Impact Weapon . | . . . . Slashing Weapon 3 | . . 1 2 Piercing Weapon . | . . . . Special Melee Weapon . | . . . . Unidentified Prototypes 3 | . . 2 1 Parts Lost 21 | . . . 21 Power 3 | . . . 3 Propulsion 10 | . . . 10 Utility 3 | . . . 3 Weapon 5 | . . . 5 Highest Loss Streak 8 | . . . 8 To Critical Strikes . | . . . . Average Backups 10 | 5 8 13 12 Power 1 | . 1 1 1 Propulsion 3 | 1 2 4 3 Utility 1 | . 2 2 1 Weapon 3 | 1 2 4 4 Tool/Special . | . . . . Unused Backups 11 | . . 4 7 Power 1 | . . . 1 Propulsion 4 | . . 1 3 Utility 2 | . . . 2 Weapon 3 | . . 3 . Tool/Special 1 | . . . 1 Average Slot Usage (%) 89 | . 100 88 86 Engine 8 | . 14 11 4 Core 1 | . . . 3 Treads 31 | . 28 33 32 Device 13 | . 14 11 15 Storage 10 | . 14 11 9 Processor 2 | . . . 4 Energy Gun 6 | . 28 3 . Energy Cannon 4 | . . 8 3 Ballistic Cannon 2 | . . . 4 Slashing Weapon 7 | . . 9 8 Peak Build Rating 26 | 7 8 17 26 Average Rating 14 | 6 7 14 21 On Entrance 7 | . 7 8 15 Naked Turns . | . . . . Heaviest Build 40 | 13 28 36 40 Greatest Support 83 | 40 40 60 83 Greatest Overweight (x) 1 | . . . 1 Average Overweight (x) . | . . . . Largest Inventory Capacity 15 | 8 15 15 15 Average Capacity 12 | 7 13 15 15 Most Carried 15 | 7 10 15 15 Average Carried 10 | 5 8 13 12 Final Capacity 15 | 8 15 15 15 Final Carried 15 | 7 10 15 5 Class Distribution -------------------- 69% | Mutant 15% | Scavenger-Assassin 7% | Scavenger-Mutant 6% | Assassin Dominant Class ---------------- Mutant | -10/Materials Mutant | -9/Materials Scavenger-Assassin | -8/Materials Resources | -11 -10 -9 -8 ----------- Run | Yrd Mat Mat Mat Matter Collected 607 | 280 10 40 277 Remotely . | . . . . Salvage Created 1935 | 308 184 378 1065 Parts 126 | 28 15 21 62 Haulers Intercepted 4 | . 1 2 1 Recyclers Shooed 1 | . . . 1 Parts Field Recycled . | . . . . Retrieved Matter . | . . . . Parts Self-Destructed . | . . . . Prevented . | . . . . Kills | -11 -10 -9 -8 ------- Run | Yrd Mat Mat Mat Combat Hostiles Destroyed 38 | . 4 7 27 Melee 6 | . . 1 5 Guns 4 | . 4 . . Cannons 22 | . . 6 16 AOE 6 | . . . 6 Classes Destroyed 9 | 3 3 2 1 Worker 6 | 2 . . 4 Tunneler 12 | 9 . . 3 Hauler 4 | . 1 2 1 Recycler 2 | 1 . . 1 Operator 1 | . . . 1 Swarmer 12 | . 2 2 8 Grunt 18 | . 2 3 13 Brawler 3 | . . 1 2 Sentry 5 | . . 1 4 Best Kill Streak 10 | 3 2 2 10 Combat Bots Only 6 | . 2 2 6 Max Kills in Single Turn 3 | 1 1 1 3 Gunslinging . | . . . . Exploded 2 | . . . 2 Melee 1 | . . 1 1 Uniques/NPCs Destroyed . | . . . . Combat | -11 -10 -9 -8 -------- Run | Yrd Mat Mat Mat Hostile Shots Fired 282 | . 22 33 227 Missed 77 | . 5 9 63 Hits 205 | . 17 24 164 Melee 1 | . . . 1 Projectile 204 | . 17 24 163 Critical Strikes 4 | . . . 4 Damage Taken 3312 | . 169 215 2928 Core 581 | . 13 6 562 Absorbed by Shields . | . . . . Core Remaining (%) 97 | 100 94 98 . Volleys Fired 120 | 30 14 22 54 Largest 2 | 2 2 1 2 Hottest 136 | 80 80 68 136 Shots Fired 171 | 60 28 22 61 Gun 88 | 60 28 . . Cannon 74 | . . 22 52 Launcher 9 | . . . 9 Special . | . . . . Kinetic 29 | . . . 29 Thermal 133 | 60 28 22 23 Explosive 9 | . . . 9 Electromagnetic . | . . . . Robot Hit Streak 9 | 9 7 6 7 Robot Miss Streak 6 | 5 2 1 6 Penetration Max . | . . . . Secondary Targets 1 | . 1 . . Max Gunslinging Chain 1 | . 1 . . Shots Hit Robots 137 | 31 18 24 64 Core Hits 117 | 13 9 9 86 Critical Kills . | . . . . Critical Parts Destroyed . | . . . . Critical Strikes 1 | . . 1 . Sever 1 | . . 1 . Melee Attacks 43 | . . 9 34 Impact . | . . . . Slashing 43 | . . 9 34 Piercing . | . . . . Sneak Attacks 10 | . . 2 8 Combat Hostiles . | . . . . Follow-up Attacks . | . . . . Damage Inflicted 3842 | 354 201 688 2599 Guns 555 | 354 201 . . Cannons 1202 | . . 349 853 Explosions 695 | . . . 695 Melee 1381 | . . 339 1042 Ramming 9 | . . . 9 Kinetic 629 | . . . 629 Thermal 1128 | 354 201 349 224 Explosive 695 | . . . 695 Electromagnetic . | . . . . Impact . | . . . . Slashing 1381 | . . 339 1042 Piercing . | . . . . Highest Corruption 9 | . . . 9 Average Corruption 4 | . . . 4 Corruption Purged . | . . . . Corruption Blocked . | . . . . Effects 10 | . . . 10 Message Errors 2 | . . . 2 Matter Fused 3 | . . . 3 Energy Discharges 1 | . . . 1 Parts Rejected 1 | . . . 1 Data Loss (minor) 1 | . . . 1 Alerts 1 | . . . 1 Weapon Failures 1 | . . . 1 Overload Shots . | . . . . Overflow Damage 99 | . . 2 97 Projectiles . | . . . . Explosions . | . . . . Melee 99 | . . 2 97 Knockbacks 7 | . . . 7 Impact . | . . . . Kinetic 7 | . . . 7 Secondary . | . . . . Self-Inflicted Damage 37 | . . . 37 Shots 2 | . . . 2 Rammed 2 | . . . 2 Targets Rammed 2 | . . . 2 Kicked . | . . . . Crushed . | . . . . Highest Temperature 222 | 126 108 66 222 Average Temperature 41 | 36 47 24 55 Received Heat Transfer 1062 | . 48 33 981 Siege Activations . | . . . . Martial Activations . | . . . . Shielding Activations . | . . . . Robots Disrupted . | . . . . Combat Hostiles . | . . . . Robots Corrupted . | . . . . Combat Hostiles . | . . . . Parts Fried . | . . . . Impact Corruptions . | . . . . Robots Melted . | . . . . Combat Hostiles . | . . . . Parts Melted . | . . . . Heat Transferred 2286 | 800 450 629 407 Parts Sabotaged . | . . . . Parts Stolen . | . . . . Parts Stripped . | . . . . Power Chain Reactions . | . . . . Alert | -11 -10 -9 -8 ------- Run | Yrd Mat Mat Mat Maximum Alert Level 1 | . . . 1 Low Security (%) 94 | 100 100 100 86 Level 1 5 | . . . 13 Level 2 . | . . . . Level 3 . | . . . . Level 4 . | . . . . Level 5 . | . . . . High Security . | . . . . Max Security . | . . . . Peak Influence 292 | 15 52 148 292 Initial 45 | . . . 45 Average 54 | 1 21 48 104 Influence Increases 1216 | 60 122 215 819 Destroy 0b10 Robot/C 760 | . 80 140 540 Destroy 0b10 Robot/NC 125 | 60 5 10 50 Destroy Leader 168 | . 22 44 102 Successful Hack 6 | . . 6 . Disable Machine 30 | . . . 30 Destroy Structure 37 | . . . 37 Lose Combat Pursuer 90 | . 15 15 60 Influence Decreases 924 | 60 120 108 636 Entered New Map 66 | . . 2 64 Time Decay 648 | 60 120 106 362 Lost Part 210 | . . . 210 Squads Dispatched 4 | . . 1 3 Investigation . | . . . . Extermination . | . . . . Reinforcement 2 | . . 1 1 Assault . | . . . . Garrison 2 | . . . 2 Intercept . | . . . . Searches Triggered . | . . . . Construction Impeded . | . . . . Haulers Reinforced . | . . . . Active Scanning Responses . | . . . . Cargo Convoy Interrupts . | . . . . Stealth | -11 -10 -9 -8 --------- Run | Yrd Mat Mat Mat Distress Signals 2 | . . . 2 Communications Jammed . | . . . . Distress Signals . | . . . . Times Spotted 58 | . 6 10 42 Peak Tracking Total 8 | . 3 3 8 Tactical Retreats 6 | . 1 1 4 Traps | -11 -10 -9 -8 ------- Run | Yrd Mat Mat Mat Traps Triggered 1 | . . . 1 Indirectly . | . . . . Trap Hack Attempts . | . . . . Triggered . | . . . . Disarmed . | . . . . Reprogrammed . | . . . . Reused . | . . . . Traps Extracted . | . . . . Installed . | . . . . Triggered . | . . . . Machines | -11 -10 -9 -8 ---------- Run | Yrd Mat Mat Mat Machines Disabled 2 | . . . 2 Max in Single Turn 1 | . . . 1 Machines Repaired . | . . . . Machines Dismantled . | . . . . Machines Sabotaged . | . . . . Overloaded Fab Kills . | . . . . Hacking | -11 -10 -9 -8 --------- Run | Yrd Mat Mat Mat Machines Accessed 2 | . 1 1 . Terminals 2 | . 1 1 . Fabricators . | . . . . Repair Stations . | . . . . Recycling Units . | . . . . Scanalyzers . | . . . . Garrison Access . | . . . . Total Hacks 4 | . 3 1 . Successful 2 | . 1 1 . Failed 2 | . 2 . . Catastrophic . | . . . . Database Lockouts . | . . . . Manual 4 | . 3 1 . Terminals 4 | . 3 1 . Fabricators . | . . . . Repair Stations . | . . . . Recycling Units . | . . . . Scanalyzers . | . . . . Garrison Access . | . . . . Terminal Hacks 2 | . 1 1 . Prototype ID Bank 2 | . 1 1 . Fabricator Hacks . | . . . . Repair Station Hacks . | . . . . Recycling Unit Hacks . | . . . . Scanalyzer . | . . . . Garrison Access Hacks . | . . . . Unauthorized Hacks . | . . . . Terminals . | . . . . Fabricators . | . . . . Repair Stations . | . . . . Recycling Units . | . . . . Scanalyzers . | . . . . Garrison Access . | . . . . Data Cores Recovered . | . . . . Used . | . . . . Hacking Detections 2 | . 1 1 . Full Trace Events 1 | . 1 . . Feedback Events . | . . . . Feedback Blocked . | . . . . Robot Schematics Acquired . | . . . . Robots Built . | . . . . Authchips . | . . . . Time . | . . . . Total Robot Build Rating . | . . . . Part Schematics Acquired . | . . . . Parts Built . | . . . . Authchips . | . . . . Time . | . . . . Total Part Build Rating . | . . . . Parts Repaired . | . . . . Time . | . . . . Parts Recycled . | . . . . Recycled Matter . | . . . . Retrieved Matter . | . . . . Retrieved Components . | . . . . Parts Scanalyzed . | . . . . Part Schematics Acquired . | . . . . Parts Damaged . | . . . . Bothacking | -11 -10 -9 -8 ------------ Run | Yrd Mat Mat Mat Used RIF Installer . | . . . . Robots Hacked . | . . . . Non-combat . | . . . . Combat . | . . . . Robot Hacks Applied . | . . . . Relay Couplers Released . | . . . . Fabnet Peak Effective % . | . . . . Robots Rewired . | . . . . Allies Hacked . | . . . . Hacks Repelled . | . . . . Allies | -11 -10 -9 -8 -------- Run | Yrd Mat Mat Mat Total Allies . | . . . . Largest Group . | . . . . Highest-Rated Group . | . . . . Highest-Rated Ally . | . . . . Total Orders . | . . . . Ally Attacks . | . . . . Total Damage . | . . . . Kills . | . . . . Allies Corrupted . | . . . . Allies Melted . | . . . . Intel | -11 -10 -9 -8 ------- Run | Yrd Mat Mat Mat Active Infowar (turns) 1701 | 293 268 437 703 Sensors 538 | . . . 538 Terrain 696 | . . . 696 Seismic 1167 | 293 268 437 169 Robot Analysis Total . | . . . . Derelict Logs Recovered . | . . . . Drone Launches . | . . . . Drone Recoveries . | . . . . Exploration | -11 -10 -9 -8 ------------- Run | Yrd Mat Mat Mat Turns Passed 2124 | 582 268 437 837 Spaces Moved 1011 | 300 138 216 357 Core 5 | 5 . . . Treads 1006 | 295 138 216 357 Legs . | . . . . Wheels . | . . . . Hover . | . . . . Flight . | . . . . Fastest Speed 50 | 50 160 160 160 Average Speed 160 | 158 160 160 162 Slowest Speed 250 | 160 160 160 250 Overloaded Moves . | . . . . Propulsion Burnouts . | . . . . Robots Hopped . | . . . . Potential Cave-ins 4 | . . . 4 Cave-ins Triggered 1 | . . . 1 Exploration Rate (%) 26 | 21 24 27 35 Regions Visited 3 Branch Regions . Pre-discovered Areas . | . . . . Known Exits Taken . | . . . . Unknown Exits Taken 3 | 1 1 1 . Scrap Searched . | . . . . Spaces Dug 6 | . . . 6 Terrain Destroyed 56 | . . . 56 Melee 6 | . . . 6 Projectile . | . . . . AOE 50 | . . . 50 Terrain Rammed . | . . . . Walls Destroyed . | . . . . Machines Disabled . | . . . . Actions | -11 -10 -9 -8 --------- Run | Yrd Mat Mat Mat Total 1266 | 344 158 272 492 Wait 16 | . 2 3 11 Move 1008 | 299 137 215 357 Hop . | . . . . Pick Up 28 | 7 3 11 7 Fast Attach 9 | 6 . . 3 Attach 17 | 1 . 1 15 Detach . | . . . . Swap 12 | 1 1 5 5 Drop 11 | . 1 6 4 Fire 120 | 30 14 22 54 Melee 43 | . . 9 34 Ram . | . . . . Kick . | . . . . Crush 2 | . . . 2 Escape Stasis . | . . . . Rewire . | . . . . Trap . | . . . . Miscellaneous . | . . . . Route ------- -11/Scrapyard -10/Materials (discovered 2 exits: *Mat / [*Min]) -9/Materials -8/Materials (discovered 1 exit: [*Sto]) History --------- Turn | Location | Event 7 | -11/Scrapyard | Discovered new exit (range 15) 583 | -11/Scrapyard | Entered Materials 584 | -10/Materials | Build established: Mutant 786 | -10/Materials | Discovered new exit (range 8) 845 | -10/Materials | Discovered new exit (range 4) 851 | -10/Materials | Entered another Materials area 851 | -9/Materials | Evolved 2 slots: Propulsion x1, Utility x1 1181 | -9/Materials | Discovered new exit (range 11) 1288 | -9/Materials | Entered another Materials area 1288 | -8/Materials | Evolved 2 slots: Propulsion x1, Utility x1 1290 | -8/Materials | Discovered new exit (range 10) 1891 | -8/Materials | Build established: Scavenger-Assassin 1914 | -8/Materials | Crushed by falling debris 1965 | -8/Materials | Lost 3 parts (1p1u1w) 1972 | -8/Materials | Garrison activated, responded to threat 2024 | -8/Materials | Core integrity fell below 50% 2033 | -8/Materials | Lost 8 parts (1p4n2u1w) 2088 | -8/Materials | Core integrity fell below 20% 2104 | -8/Materials | Lost 8 parts (1p4n3w) 2125 | -8/Materials | Destroyed by Y-45 Defender with Beam Rifle Last Messages --------------- 02060_ K-01 Serf collects debris. 02061_ Penetrated by Slug. 02061_ Hvy. Deuterium Engine destroyed. 02061_ Axe destroyed. 02063_ K-01 Serf collects debris. 02064_ System corrupted: Arm. Treads rejected. 02065_ Acquired Arm. Treads. 02067_ K-01 Serf collects debris. 02073_ Arm. Treads destroyed. 02079_ XR P8|L7PV&LS0JH/ZAOWR8WYYVT HFY0B6 02087_ S-10 Pest destroyed. 02098_ K-01 Serf collects debris. 02101_ System corrupted: Adv. Beam Cannon failed to cycle. 02101_ K-01 Serf cleans the Repair Station. 02104_ S-10 Pest destroyed. 02104_ K-01 Serf cleans the Repair Station. 02107_ G-47 Trooper destroyed. 02107_ K-01 Serf collects debris. 02110_ Acquired 12 matter. 02110_ K-01 Serf collects debris. Map ----- +----------------------------------------------------+ | ????????????????????#!! % *###??????????????????? | | ????????????????????#!! #??#?????????????????? | | ????????????????????#!! #????????????????????? | | ????????????????????#!! ! #????????????????????? | | #???????????????????####"[% ##???????????????????? | | #??????????????????????# %#???????????????????? | | #??????????????????????# % #???????????????????? | | #??????????????????????+ ! #???????????????????? | | #??????????????????????# #???????????????????? | | # ?????????????????????# % #???????????????????? | | +??????????????????????#"# ###???????????????????? | | ???????????????????????### #?????????????????????? | | #????????????????????????# #?????????????????????? | | ??????????????########???# #?????????????????????? | | ??????????????# ?### ###???????????????????? | | ??????????????# # #???????????????????? | | ###???????????# # #???????????????????? | | #???????#! !*! + T #???????????????????? | | #?????????????# !*! # = #???????????????????? | | ??????????????# !* # ==k #???????????????????? | | ??????????????# ?###;####??????????????????? | | ??????????????# ?# [%% #??????????????????? | | ??????????????# | ??#=Y""" #??????????????????? | | ????#?????????#####+#??# "R" + ??????????????? | | ????###???????????????## " " # ?????????????? | | ??????????????????????# @ #? ??????????????? | | ??????????????????????## #?? ????????????? | | ???????????????????????########??? ???????????? | | #######???????????????????????????? #??????????? | | #??????"????????????????????????#??????????? | | "" #??????????????????????????????????????????? | | "" !!!#??????????????????????????????????????????? | | "" !!!#??????????????????????????????????????????? | | !! #??????????????????????????????????????????? | | "" #?#????????????????????????????????????????? | | "" #??????????????????????????????????????????? | | "" #??????????????????????????????????????????? | | #??????????????????????????????????????????? | | #######??????????????????????????????????????????? | | ?????????????????????????????????????????????????? | | ?????????????????????????????????????????????????? | | ?????????????????????????????????????????????????? | | ????????#????????????????????????????????????????? | | ?????????????????????????????????????????????????? | | ?????????????????????????????????????????????????? | | ?????????????????????????????????????????????????? | | ?????????????????????????????????????????????????? | | ?????????????????????????????????????????????????? | | ?????????????????????????????????????????????????? | | ?????????????????????????????????????????????????? | +----------------------------------------------------+ Best States ------------- Heat Dissipation 31 Energy Generation 18 Energy Capacity 310 Matter Stores 300 Matter Capacity 300 Sight Range 16 Robot Scan Range 15 Terrain Scan Range 16 Terrain Scan Density 10 Evasion (%) 40 Recoil Reduction 4 Item Schematics ----------------- None Robot Schematics ------------------ None Fabricated ------------ Nothing Repaired ---------- Nothing Alien Tech Used ----------------- None Achievements -------------- None Challenges ------------ None Game ------ Seed PotentialMeleeTriangulator Manual? 0 Play Time 00:11:38 Cumulative 152.9 hours Start 2025.07.13 @ 01:23:18 End 2025.07.13 @ 01:34:52 Sessions 1 Manual Loads 0 Difficulty Rogue Special Mode None Game No. 387 Rogue 387 Adventurer 0 Explorer 0 Win Type - Total 5 Types 4/0/1/0/0/0/0/0/0/0 Lore% 69 Gallery% 59 Achievement% 48 Wizard Run 0 Options --------- Layout 0 ASCII 0 Keyboard 0 Movement Numpad Keybinds 0 Fullscreen 2 Font 18/Terminus Map View 76x50 Zoom Use 0% Tactical HUD 1 Map Filters NONE Filters NONE Steam 1 RUN: 8ab1027b-e02f-4ad0-87c7-f996a6e90faf